AoeStats
← Iguano Pop

Arabia

505404789Analyzed
1v1 RM · 23d ago on Sep 9, 2026· 39m 39s· 2 players
Game mode
Random Map
Map size
Tiny (2 player)
Population
200
Speed
Normal
Resources
Standard
Victory
Conquest
Starting age
Dark Age
Ending age
Imperial Age
RankedLock teamsTeams togetherTeam positionsShared explorationLock speedFull tech treeHidden civsTurbo modeCheats
Victory
Defeat
🇨🇿 Ethiopians · Czechia
1302
+16
🇲🇽 Maya · Mexico
1296
-16
Iguano Pop
0:33 Loom
10:21 Feudal Age
10:29 Man-at-Arms
15:49 Town Watch
21:15 Fletching
21:54 Padded Archer Armor
25:54 Castle Age
25:18 Gold Mining
25:20 Stone Mining
25:11 Horse Collar
25:25 Double-Bit Axe
26:14 Crossbowman
26:59 Bodkin Arrow
28:51 Ballistics
32:35 Leather Archer Armor
33:52 Wheelbarrow
MBouzek
6:53 Loom
9:30 Feudal Age
14:19 Double-Bit Axe
15:05 Fletching
15:15 Horse Collar
17:51 Padded Archer Armor
17:56 Town Watch
19:50 Wheelbarrow
19:40 Gold Mining
24:41 Castle Age
25:03 Crossbowman
25:53 Thumb Ring
25:50 Bodkin Arrow
26:24 Bow Saw
26:51 Gold Shaft Mining
27:20 Ballistics
28:08 Leather Archer Armor
33:20 Heavy Plow
33:13 Stone Mining
38:19 Imperial Age
40:32 Chemistry
Connection lost

Rejoining the realm…

Still unreachable

The connection could not be restored.

Session expired

The server has moved on; the page needs a fresh start.